 Dungeon Crawl Stone Soup version 0.28-a0-407-g69098e2f6d (webtiles) character file.

Game seed: 6881113426887452710

950 Armakuni the Carver (level 8, -7/64 HPs)
             Began as a Human Cinder Acolyte on Sept 5, 2021.
             Was an Elder of Ignis.
             Mangled by a yak (8 damage)
             ... on level 5 of the Dungeon.
             The game lasted 00:09:18 (4666 turns).

Armakuni the Carver (Human Cinder Acolyte)          Turns: 4666, Time: 00:09:19

Health: -7/64      AC: 11    Str: 15    XL:     8   Next: 35%
Magic:  5/9        EV: 14    Int: 16    God:    Ignis [****..]
Gold:   297        SH:  0    Dex:  9    Spells: 9/9 levels left

rFire   + . .      SeeInvis .   a - -1 falchion (flame)
rCold   . . .      Faith    .   (no shield)
rNeg    . . .      Spirit   .   g - +1 ring mail
rPois   .          Reflect  .   (no helmet)
rElec   .          Harm     .   (no cloak)
rCorr   .          Rampage  .   (no gloves)
Will    .....                   l - +0 pair of boots
Stlth   ..........              (no amulet)
HPRegen 0.20/turn               P - +4 ring of protection
MPRegen 0.11/turn               E - +4 ring of evasion

@: mighty, brilliant, on berserk cooldown, slowed, very slow
A: no striking features
a: Renounce Religion, Sea of Fire, Foxfire Swarm, Rising Flame


You were on level 5 of the Dungeon.
You worshipped Ignis.
Ignis was greatly pleased with you.
You visited 2 branches of the dungeon, and saw 6 of its levels.

You collected 297 gold pieces.

Inventory:

Hand Weapons
 a - a -1 falchion of flaming (weapon)
 b - the +2 falchion of the Original Sin {antimagic, +Blink +Rage rCorr}
   (You found it on level 4 of the Dungeon)

   It reduces the magical energy of the wielder, and disrupts the spells and
   magical abilities of those it strikes.
   Natural abilities and divine invocations are not affected.
   +Blink:    It lets you blink.
   +Rage:     It lets you go berserk.
   rCorr:     It protects you from acid and corrosion.
Armour
 g - a +1 ring mail (worn)
 l - a +0 pair of boots (worn)
Jewellery
 E - a +4 ring of evasion (right hand)
 P - a +4 ring of protection (left hand)
Wands
 n - a wand of iceblast (9)
Scrolls
 c - 4 scrolls of teleportation
 m - a scroll of blinking
 o - a scroll of noise
Potions
 d - a potion of invisibility
 f - 4 potions of curing
 i - a potion of attraction {unknown}
 j - a potion of cancellation {unknown}
 k - a potion of lignification {unknown}


   Skills:
 - Level 6.0 Fighting
 + Level 8.1 Long Blades
 - Level 1.0 Spellcasting
 - Level 3.0 Fire Magic


You had 9 spell levels left.
You didn't know any spells.
Your spell library contained the following spells:

 Spells                   Type           Power      Damage    Failure   Level
 Scorch                   Fire           30%        2d6       21%         2
 Freeze                   Ice            4%         1d3       41%         1
 Frozen Ramparts          Ice            2%         1d2       80%         3
 Ozocubu's Armour         Ice            1%         N/A       80%         3
 Hailstorm                Conj/Ice       1%         3d3       99%         4
 Summon Lightning Spire   Summ/Air       1%         N/A       99%         4
 Ozocubu's Refrigeration  Ice            0%         4d5       100%        7
 Storm Form               Tmut/Air       0%         N/A       100%        7
 Maxwell's Capacitive Co  Air            0%         ∞         100%        8


Dungeon Overview and Level Annotations

Branches:
Dungeon (5/15)             Temple (1/1) D:5

Altars:
Ashenzari
Cheibriados
Dithmenos
Gozag
Kikubaaqudgha
Makhleb
Qazlal
Ru
Sif Muna
Trog
Uskayaw
Vehumet
Xom
Yredelemnul
Zin
Lugonu

Annotations:
D:4 Robin


Message History

You hit the yak but do no damage.
The yak is lightly wounded.
The yak barely misses you.
You hit the yak but do no damage.
The yak is lightly wounded.
The yak gores you but does no damage.
You hit the yak but do no damage.
The yak is lightly wounded.
The yak gores you. x2
You barely miss the yak.
The yak is lightly wounded.
The yak gores you!
You hit the yak. You burn the yak.
The yak is lightly wounded.
The yak gores you but does no damage.
It was a potion of might.
You feel very mighty all of a sudden. The yak gores you!
* * * LOW HITPOINT WARNING * * *
The yak misses you.
You slice the yak!! You burn the yak!
The yak is almost dead.
The yak closely misses you.
Your ring mail prevents you from hitting the yak.
The yak is almost dead.
The yak gores you.
* * * LOW HITPOINT WARNING * * *
The yak closely misses you.
You completely miss the yak.
The yak is almost dead.
The yak gores you.
* * * LOW HITPOINT WARNING * * *
You barely miss the yak.
The yak is severely wounded.
The yak gores you!
* * * LOW HITPOINT WARNING * * *
You hit the yak. You burn the yak.
The yak is almost dead.
The yak barely misses you. The yak gores you!
You die...

#..# ##..# ###..#
#...... #..# #..##
#..# #......
#.###..# #..#
#...... #..#...#
#..# #......
##.[....# ####
#....##
###.......######
#..>###
##.............†#
#...# #
#....#......#.Y##
...## #
.....#......####@#
#. # ...###......#
#.# #.. ..
#......## #.. ....
. ........# #..#
#... .........#
#... ###.
....$....# ..#..#
## .....# .###..#
. #..#### #...#.##


You could see a yak.

Vanquished Creatures
  3 yaks (D:5)
  A black bear (D:3)
  An ogre (D:4)
  A hound (D:5)
  2 jellies (D:4)
  An iguana (D:4)
  An orc wizard (D:4)
  A hound skeleton (D:2)
  6 adders
  3 gnolls (D:2)
  An adder zombie (D:3)
  An adder skeleton (D:4)
  4 worms
  A dart slug (D:4)
  7 orcs
  10 endoplasms
  3 giant cockroaches (D:2)
  12 goblins
  8 hobgoblins
  2 jackals (D:2)
  3 quokkas
  2 ball pythons
  3 bats
  4 frilled lizards
  8 kobolds
  A quokka zombie (D:3)
  10 rats
100 creatures vanquished.

Vanquished Creatures (others)
  51 foxfires
  A plant (D:4)
52 creatures vanquished.

Grand Total: 152 creatures vanquished

Notes
Turn   | Place    | Note
-------+----------+-------------------------------------------
     0 | D:1      | Armakuni the Human Cinder Acolyte began the quest for the
                  | Orb.
     0 | D:1      | Reached XP level 1. HP: 18/18 MP: 2/2
     3 | D:1      | Noticed a human
     3 | D:1      | Noticed a demigod
     5 | D:1      | Noticed an ogre
     6 | D:1      | Noticed a minotaur
     8 | D:1      | Noticed a formicid
    10 | D:1      | Noticed a demonspawn
    12 | D:1      | Noticed a tengu
    14 | D:1      | Noticed a demonspawn
    16 | D:1      | Noticed a ghoul
    18 | D:1      | Noticed a djinni
    20 | D:1      | Noticed a ghoul
    28 | D:1      | Found a faded altar of an unknown god.
   211 | D:1      | Reached XP level 2. HP: 24/24 MP: 3/3
   799 | D:1      | Reached XP level 3. HP: 29/29 MP: 4/4
  1534 | D:2      | Found a basalt altar of Yredelemnul.
  1541 | D:2      | Reached XP level 4. HP: 37/37 MP: 5/5
  1624 | D:2      | Reached skill level 4 in Long Blades
  1719 | D:2      | Reached XP level 5. HP: 31/43 MP: 6/6
  2675 | D:3      | Found a basalt altar of Yredelemnul.
  2888 | D:4      | Noticed a black bear
  2900 | D:3      | Killed a black bear
  2901 | D:3      | Reached skill level 5 in Fighting
  2901 | D:3      | Reached skill level 5 in Long Blades
  2901 | D:3      | Reached XP level 6. HP: 50/51 MP: 7/7
  3240 | D:4      | Noticed an ogre
  3257 | D:4      | Killed an ogre
  3258 | D:4      | Reached XP level 7. HP: 56/56 MP: 8/8
  3342 | D:4      | Found a shadowy altar of Dithmenos.
  3345 | D:4      | Found a sacrificial altar of Ru.
  3346 | D:4      | Found a radiant altar of Vehumet.
  3374 | D:4      | Identified the +2 falchion of the Original Sin {antimagic,
                  | +Blink +Rage rCorr}
  3830 | D:4      | Noticed Robin
  3831 | D:4      | Found a hide-covered altar of Uskayaw.
  3833 | D:4      | Found an ancient bone altar of Kikubaaqudgha.
  3947 | D:4      | Found a bloodstained altar of Trog.
  4343 | D:5      | Entered Level 5 of the Dungeon
  4371 | D:5      | Found a stormy altar of Qazlal.
  4401 | D:5      | Found a staircase to the Ecumenical Temple.
  4407 | Temple   | Entered the Ecumenical Temple
  4485 | D:5      | Reached skill level 6 in Long Blades
  4607 | D:5      | Noticed a yak
  4609 | D:5      | Noticed a yak
  4609 | D:5      | Noticed a yak
  4611 | D:5      | Noticed a yak
  4636 | D:5      | Killed a yak
  4639 | D:5      | Killed a yak
  4640 | D:5      | Reached skill level 7 in Long Blades
  4640 | D:5      | Reached XP level 8. HP: 57/64 MP: 3/9
  4653 | D:5      | Killed a yak
  4654 | D:5      | Reached skill level 8 in Long Blades
  4665 | D:5      | HP: 1/64 [yak (13)]
  4666 | D:5      | Mangled by a yak

Illustrated notes

Levels and vault maps discovered:
D:1:      shiori_arrival_whats_in_store_for_you, layout_basic,
          hellmonk_ecumenical_altar_run_dry
D:2:      layout_rooms, basic_altar, kennysheep_generic_room_11
D:3:      wander_river, layout_rooms, lemuel_zombie_altar_yredelemnul
D:4:      minmay_chambers_of_twos, layout_loops_ring,
          gammafunk_temple_overflow_forgotten, nicolae_overflow_hidden_temple,
          chequers_serial_rivers_marsh, uniq_robin
D:5:      layout_layer_cave, nicolae_qazlal_general_emergency,
          minmay_temple_entry_hall, hangedman_decor_riveting,
          kennysheep_small_square
Temple:   corrupted_temple

Skill      XL: |  1  2  3  4  5  6  7  8 |
---------------+-------------------------+-----
Fighting       | 4 5 6 |  6.0
Long Blades    | 4 5 7 8 |  8.1
Spellcasting   | |  1.0
Fire Magic     | |  3.0

Action                   |  1- 3 |  4- 6 |  7- 9 || total
-------------------------+-------+-------+-------++-------
Melee: Falchion          |    97 |   165 |   124 ||   386
Invok: Foxfire Swarm     |       |     3 |       ||     3
       Sea of Fire       |       |       |     1 ||     1
 Abil: Evoke Berserk Rag |       |       |     1 ||     1
  Use: Scroll            |     2 |     4 |     1 ||     7
       Potion            |       |       |     3 ||     3
Armor: Robe              |    12 |       |       ||    12
       Leather armour    |    22 |    33 |       ||    55
       Ring mail         |       |    29 |    33 ||    62
Dodge: Dodged            |    48 |   134 |    87 ||   269

Table legend: (Time is in decaauts)
 A = Elapsed time spent in this place.
 B = Non-inter-level travel time spent in this place.
 C = Inter-level travel time spent in this place.
 D = Time resting spent in this place.
 E = Time spent auto-exploring this place.
 F = Levels seen in this place.
 G = Mean time per level.
                   A        B        C        D        E       F      G
               +--------+--------+--------+--------+--------+-----+--------+
         Total |   4719 |   4608 |    111 |    404 |   3169 |   6 |  786.5 |
       Dungeon |   4674 |   4575 |     99 |    404 |   3143 |   5 |  934.8 |
        Temple |     44 |     32 |     12 |      0 |     26 |   1 |   44.0 |
               +--------+--------+--------+--------+--------+-----+--------+

Top non-repeatable levels by time:
     D:4: 1448 daAuts
     D:1: 1329 daAuts
     D:3: 863 daAuts
     D:2: 758 daAuts
     D:5: 274 daAuts
  Temple: 44 daAuts
